| TOP OF THE 1ST |
|
Tucson Toros batting - Pitching for Phoenix Giants : RHP Carlos Rodriguez
|
|
Pitching: RHP Carlos Rodriguez
|
|
|
Batting: LHB Juan Bustabad
|
0-0: Ball 1-0: Ball 2-0: Foul Ball, location: 2F 2-1: Ground out 4-3 (Groundball, 4, EV 85.6 MPH)
|
|
Batting: SHB Rodney Scott
|
0-0: Called Strike 0-1: Ground out 5-3 (Groundball, 5, EV 90.0 MPH)
|
|
Batting: LHB Pat Dodson
|
0-0: Ball 1-0: Ball 2-0: Ball 3-0: Called Strike 3-1: Foul Ball, location: 2F 3-2: Strikes out swinging
|
| Top of the 1st over - 0 runs, 0 hits, 0 errors, 0 left on base; Tucson 0 - Phoenix 0 |
| BOTTOM OF THE 1ST |
|
Phoenix Giants batting - Pitching for Tucson Toros : RHP Jim Acker
|
|
Pitching: RHP Jim Acker
|
|
|
Batting: LHB Bobby V Mitchell
|
0-0: Called Strike 0-1: Ground out U3 (Groundball, 3S, EV 85.6 MPH)
|
|
Batting: SHB Larry Milbourne
|
0-0: Fly out, F7 (Flyball, 78D, EV 81.3 MPH)
|
|
Batting: LHB Ernie Riles
|
0-0: Fly out, F8 (Line Drive, 8RM, EV 86.9 MPH)
|
| Bottom of the 1st over - 0 runs, 0 hits, 0 errors, 0 left on base; Tucson 0 - Phoenix 0 |
| TOP OF THE 2ND |
|
Tucson Toros batting - Pitching for Phoenix Giants : RHP Carlos Rodriguez
|
|
Batting: LHB Jeremy Penk
|
0-0: Ball 1-0: Called Strike 1-1: Fly out, F7 (Flyball, 7LS, EV 88.8 MPH)
|
|
Batting: LHB Danny Garcia
|
0-0: Ball 1-0: Ground out 4-3 (Groundball, 4, EV 100.6 MPH)
|
|
Batting: SHB Michael Miara
|
0-0: Called Strike 0-1: Foul Ball, location: 2F 0-2: Ball 1-2: Ball 2-2: DOUBLE (Line Drive, 89XD, EV 100.6 MPH)
|
|
Batting: SHB Kevin King
|
0-0: Fly out, F8 (Flyball, 78XD, EV 103.1 MPH)
|
| Top of the 2nd over - 0 runs, 1 hit, 0 errors, 1 left on base; Tucson 0 - Phoenix 0 |
| BOTTOM OF THE 2ND |
|
Phoenix Giants batting - Pitching for Tucson Toros : RHP Jim Acker
|
|
Batting: SHB John Macauley
|
0-0: Ball 1-0: Ground out 4-3 (Groundball, 4, EV 92.5 MPH)
|
|
Batting: RHB Paul Zuvella
|
0-0: Fly out, F8 (Flyball, 8LD, EV 99.4 MPH)
|
|
Batting: LHB Raymond Rivas
|
0-0: SINGLE (Groundball, 25, EV 68.8 MPH) (infield hit)
|
|
Batting: SHB Razor Shines
|
0-0: Called Strike 0-1: Fly out, F8 (Line Drive, 8LD, EV 103.1 MPH)
|
| Bottom of the 2nd over - 0 runs, 1 hit, 0 errors, 1 left on base; Tucson 0 - Phoenix 0 |
| TOP OF THE 3RD |
|
Tucson Toros batting - Pitching for Phoenix Giants : RHP Carlos Rodriguez
|
|
Batting: RHB Talmadge Tanks
|
0-0: Swinging Strike 0-1: Called Strike 0-2: Foul Ball, location: 2F 0-2: Foul Ball, location: 2F 0-2: Fly out, F8 (Line Drive, 8LD, EV 89.4 MPH)
|
|
Batting: RHB Andy Pasillas
|
0-0: Ball 1-0: Fly out, F8 (Flyball, 8LM, EV 84.4 MPH)
|
|
Batting: LHB Juan Bustabad
|
0-0: Ball 1-0: Fly out, F7 (Line Drive, 7, EV 93.1 MPH)
|
| Top of the 3rd over - 0 runs, 0 hits, 0 errors, 0 left on base; Tucson 0 - Phoenix 0 |
| BOTTOM OF THE 3RD |
|
Phoenix Giants batting - Pitching for Tucson Toros : RHP Jim Acker
|
|
Batting: LHB Joseph Bruno
|
0-0: Foul Ball, location: 2F 0-1: Ground out 6-3 (Groundball, 6M, EV 99.4 MPH)
|
|
Batting: LHB Frank Gill
|
0-0: Called Strike 0-1: Called Strike 0-2: Ball 1-2: Ball 2-2: Foul Ball, location: 2F 2-2: Ball 3-2: Ground out U3 (Groundball, 34, EV 109.4 MPH)
|
|
Batting: LHB Bobby V Mitchell
|
0-0: Ball 1-0: Swinging Strike 1-1: Ball 2-1: Called Strike 2-2: Strikes out swinging
|
| Bottom of the 3rd over - 0 runs, 0 hits, 0 errors, 0 left on base; Tucson 0 - Phoenix 0 |
| TOP OF THE 4TH |
|
Tucson Toros batting - Pitching for Phoenix Giants : RHP Carlos Rodriguez
|
|
Batting: SHB Rodney Scott
|
0-0: Swinging Strike 0-1: Foul Ball, location: 2F 0-2: SINGLE (Groundball, 4M, EV 105.6 MPH) (infield hit)
|
|
Batting: LHB Pat Dodson
|
0-0: Called Strike 0-1: Ball 1-1: Fly out, F8 (Line Drive, 8LD, EV 89.4 MPH)
|
|
Batting: LHB Jeremy Penk
|
0-0: Ball Rodney Scott is caught stealing 2nd base 2-6 1-0: Fly out, F8 (Flyball, 8RD, EV 107.5 MPH)
|
| Top of the 4th over - 0 runs, 1 hit, 0 errors, 0 left on base; Tucson 0 - Phoenix 0 |
| BOTTOM OF THE 4TH |
|
Phoenix Giants batting - Pitching for Tucson Toros : RHP Jim Acker
|
|
Batting: SHB Larry Milbourne
|
0-0: Ground out 6-3 (Groundball, 6, EV 100.0 MPH)
|
|
Batting: LHB Ernie Riles
|
0-0: Ball 1-0: Ball 2-0: SINGLE (Line Drive, 78S, EV 88.1 MPH)
|
|
Batting: SHB John Macauley
|
0-0: Ball 1-0: Foul Ball, location: 2F 1-1: Foul Ball, location: 2F 1-2: Fielders Choice at 2nd, 4-6 (Groundball, 4M, EV 83.8 MPH)
|
|
Batting: RHB Paul Zuvella
|
0-0: Ball 1-0: Swinging Strike 1-1: Ground out 6-3 (Groundball, 4MS, EV 63.1 MPH)
|
| Bottom of the 4th over - 0 runs, 1 hit, 0 errors, 1 left on base; Tucson 0 - Phoenix 0 |
| TOP OF THE 5TH |
|
Tucson Toros batting - Pitching for Phoenix Giants : RHP Carlos Rodriguez
|
|
Batting: LHB Danny Garcia
|
0-0: Foul Ball, location: 2F 0-1: Swinging Strike 0-2: Ball 1-2: Fly out, F4 (Popup, 13S, EV 84.4 MPH)
|
|
Batting: SHB Michael Miara
|
0-0: Called Strike 0-1: Ball 1-1: Ball 2-1: Ball 3-1: Called Strike 3-2: Foul Ball, location: 2F 3-2: SINGLE (Line Drive, 89S, EV 100.0 MPH)
|
|
Batting: SHB Kevin King
|
0-0: Ball 1-0: Called Strike 1-1: Ball 2-1: Foul Ball, location: 2F 2-2: Strikes out looking
|
|
Batting: RHB Talmadge Tanks
|
0-0: Ball 1-0: Called Strike 1-1: Ball 2-1: Fielders Choice at 2nd, 5-4 (Groundball, 5, EV 90.6 MPH)
|
| Top of the 5th over - 0 runs, 1 hit, 0 errors, 1 left on base; Tucson 0 - Phoenix 0 |
| BOTTOM OF THE 5TH |
|
Phoenix Giants batting - Pitching for Tucson Toros : RHP Jim Acker
|
|
Batting: LHB Raymond Rivas
|
0-0: Ground out 4-3 (Groundball, 4S, EV 76.9 MPH)
|
|
Batting: SHB Razor Shines
|
0-0: Called Strike 0-1: Ball 1-1: Foul Ball, location: 2F 1-2: Ball 2-2: Fly out, F7 (Line Drive, 7, EV 84.4 MPH)
|
|
Batting: LHB Joseph Bruno
|
0-0: Ball 1-0: Ball 2-0: Called Strike 2-1: Ball 3-1: Foul Ball, location: 2F 3-2: Fly out, F9 (Flyball, 9S, EV 82.5 MPH)
|
| Bottom of the 5th over - 0 runs, 0 hits, 0 errors, 0 left on base; Tucson 0 - Phoenix 0 |
| TOP OF THE 6TH |
|
Tucson Toros batting - Pitching for Phoenix Giants : RHP Carlos Rodriguez
|
|
Batting: RHB Andy Pasillas
|
0-0: Called Strike 0-1: Ground out U3 (Groundball, 34, EV 104.4 MPH)
|
|
Batting: LHB Juan Bustabad
|
0-0: Ball 1-0: Called Strike 1-1: Called Strike 1-2: Fly out, F8 (Flyball, 8RD, EV 98.8 MPH)
|
|
Batting: SHB Rodney Scott
|
0-0: Foul Ball, location: 2F 0-1: Ball 1-1: Ball 2-1: SINGLE (Groundball, 6S, EV 67.5 MPH) (infield hit)
|
|
Batting: LHB Pat Dodson
|
0-0: Ball 1-0: Ball 2-0: Ball 3-0: Base on Balls Rodney Scott to second
|
|
Batting: LHB Jeremy Penk
|
0-0: Called Strike 0-1: Fly out, F8 (Flyball, 8LXD, EV 103.8 MPH)
|
| Top of the 6th over - 0 runs, 1 hit, 0 errors, 2 left on base; Tucson 0 - Phoenix 0 |
| BOTTOM OF THE 6TH |
|
Phoenix Giants batting - Pitching for Tucson Toros : RHP Jim Acker
|
|
Batting: LHB Frank Gill
|
0-0: Ball 1-0: Swinging Strike 1-1: Ground out 3-1 (Groundball, 34, EV 101.9 MPH)
|
|
Batting: LHB Bobby V Mitchell
|
0-0: Called Strike 0-1: Foul Ball, location: 2F 0-2: Ball 1-2: Fly out, F2 (Popup, 2LF, EV 87.5 MPH)
|
|
Batting: SHB Larry Milbourne
|
0-0: Ball 1-0: Foul Ball, location: 2F 1-1: Ball 2-1: SINGLE (Groundball, P, EV 80.0 MPH) (infield hit)
|
|
Batting: LHB Ernie Riles
|
0-0: Ground out 1-3 (Groundball, 13, EV 71.9 MPH)
|
| Bottom of the 6th over - 0 runs, 1 hit, 0 errors, 1 left on base; Tucson 0 - Phoenix 0 |
| TOP OF THE 7TH |
|
Tucson Toros batting - Pitching for Phoenix Giants : RHP Carlos Rodriguez
|
|
Batting: LHB Danny Garcia
|
0-0: Fly out, F3 (Line Drive, 3, EV 65.6 MPH)
|
|
Batting: SHB Michael Miara
|
0-0: Ball 1-0: Foul Ball, location: 2F 1-1: Called Strike 1-2: Foul Ball, location: 2F 1-2: Foul Ball, location: 2F 1-2: Ball 2-2: Ball 3-2: Foul Ball, location: 2F 3-2: SINGLE (Flyball, 89S, EV 86.9 MPH)
|
|
Batting: SHB Kevin King
|
0-0: Foul Ball, location: 2F 0-1: Foul Ball, location: 2F 0-2: Strikes out swinging
|
|
Batting: RHB Talmadge Tanks
|
Pickoff Throw to First - Out! 1-3
|
| Top of the 7th over - 0 runs, 1 hit, 0 errors, 0 left on base; Tucson 0 - Phoenix 0 |
| BOTTOM OF THE 7TH |
|
Phoenix Giants batting - Pitching for Tucson Toros : RHP Jim Acker
|
|
Batting: SHB John Macauley
|
0-0: Foul Ball, location: 2F 0-1: Ball 1-1: Ground out 5-3 (Groundball, 5, EV 86.3 MPH)
|
|
Batting: RHB Paul Zuvella
|
0-0: Ball 1-0: Ball 2-0: Fly out, F7 (Flyball, 78M, EV 88.1 MPH)
|
|
Batting: LHB Raymond Rivas
|
0-0: Swinging Strike 0-1: Foul Ball, location: 2F 0-2: Ground out 1-3 (Groundball, 34S, EV 63.8 MPH)
|
| Bottom of the 7th over - 0 runs, 0 hits, 0 errors, 0 left on base; Tucson 0 - Phoenix 0 |
| TOP OF THE 8TH |
|
Tucson Toros batting - Pitching for Phoenix Giants : RHP Carlos Rodriguez
|
|
Batting: RHB Talmadge Tanks
|
0-0: Called Strike 0-1: Foul Ball, location: 2F 0-2: Strikes out swinging
|
|
Batting: RHB Andy Pasillas
|
0-0: Called Strike 0-1: Foul Ball, location: 2F 0-2: Strikes out swinging
|
|
Batting: LHB Juan Bustabad
|
0-0: Swinging Strike 0-1: Ground out 5-3 (Groundball, 56, EV 87.5 MPH)
|
| Top of the 8th over - 0 runs, 0 hits, 0 errors, 0 left on base; Tucson 0 - Phoenix 0 |
| BOTTOM OF THE 8TH |
|
Phoenix Giants batting - Pitching for Tucson Toros : RHP Jim Acker
|
|
Batting: SHB Razor Shines
|
0-0: Ball 1-0: Fly out, F7 (Flyball, 78M, EV 90.0 MPH)
|
|
Batting: LHB Joseph Bruno
|
0-0: Ball 1-0: Foul Ball, location: 2F 1-1: Ball 2-1: Called Strike 2-2: SINGLE (Line Drive, 56D, EV 94.4 MPH)
|
|
Batting: LHB Frank Gill
|
0-0: Ball 1-0: Sac Bunt to P - play at first, batter OUT! 1-4 Joseph Bruno to second
|
|
Batting: LHB Bobby V Mitchell
|
0-0: Called Strike 0-1: Ground out 3-1 (Groundball, 34, EV 85.0 MPH)
|
| Bottom of the 8th over - 0 runs, 1 hit, 0 errors, 1 left on base; Tucson 0 - Phoenix 0 |
| TOP OF THE 9TH |
|
Tucson Toros batting - Pitching for Phoenix Giants : RHP Carlos Rodriguez
|
|
Batting: SHB Rodney Scott
|
0-0: Called Strike 0-1: Called Strike 0-2: Foul Ball, location: 2F 0-2: Ball 1-2: Foul Ball, location: 2F 1-2: Foul Ball, location: 2F 1-2: Foul Ball, location: 2F 1-2: Ball 2-2: SINGLE (Groundball, 6M, EV 81.3 MPH) (infield hit)
|
|
Pitching: RHP Charles Davis
|
|
|
Batting: LHB Pat Dodson
|
0-0: Ball 1-0: Called Strike Rodney Scott steals 2nd base (no throw) 1-1: Ball 2-1: Foul Ball, location: 2F 2-2: Ball 3-2: Base on Balls
|
|
Batting: LHB Jeremy Penk
|
0-0: Called Strike 0-1: Ball 1-1: Ball 2-1: Ball 3-1: Foul Ball, location: 2F 3-2: Fielders Choice at 2nd, 6-4 (Groundball, 6, EV 90.0 MPH) Rodney Scott to third
|
|
Batting: LHB Danny Garcia
|
0-0: Called Strike 0-1: Ball 1-1: Foul Ball, location: 2F 1-2: Foul Ball, location: 2F 1-2: Strikes out swinging
|
|
Batting: SHB Michael Miara
|
0-0: Ball 1-0: Called Strike 1-1: Foul Ball, location: 2F 1-2: Reached on error, E4 (Groundball, 4, EV 90.0 MPH) Rodney Scott scores Jeremy Penk to third
|
|
Batting: SHB Kevin King
|
0-0: Intentional Walk
|
|
Pitching: RHP John Littlefield
|
|
|
Batting: RHB Talmadge Tanks
|
0-0: Called Strike 0-1: Foul Ball, location: 2F 0-2: Ball 1-2: Ball 2-2: Fly out, F8 (Flyball, 8LM, EV 88.1 MPH)
|
| Top of the 9th over - 1 run, 1 hit, 1 error, 3 left on base; Tucson 1 - Phoenix 0 |
| BOTTOM OF THE 9TH |
|
Phoenix Giants batting - Pitching for Tucson Toros : RHP Jim Acker
|
|
Batting: SHB Larry Milbourne
|
0-0: Fly out, F2 (Popup, 2RF, EV 96.9 MPH)
|
|
Batting: LHB Ernie Riles
|
0-0: Ball 1-0: Ball 2-0: Ball 3-0: Base on Balls
|
|
Batting: SHB John Macauley
|
0-0: Ball 1-0: Called Strike 1-1: Ball 2-1: Foul Ball, location: 2F 2-2: Foul Ball, location: 2F 2-2: Foul Ball, location: 2F 2-2: Fly out, F7 (Line Drive, 7D, EV 93.8 MPH) Runner from 1st tags up, SAFE at 2nd
|
|
Batting: RHB Paul Zuvella
|
0-0: Ball 1-0: Ball 2-0: Ball 3-0: Base on Balls
|
|
Batting: LHB Raymond Rivas
|
0-0: Ball 1-0: Called Strike 1-1: Ball 2-1: Ground out 4-3 (Groundball, 4, EV 99.4 MPH)
|
| Bottom of the 9th over - 0 runs, 0 hits, 0 errors, 2 left on base; Tucson 1 - Phoenix 0 |
|